Map: Jagannatha LE

Players

Reynor - Winner!

  • Race: Zerg Zerg

DPGZest (Zest)

  • Race: Protoss Protoss

Event: DreamHack SC2 Masters 2021 Summer

VOD

Have the link to the VOD?

Description

Time

  • Played on: July 1, 2021, 10:56 a.m.
  • Length: 9:42

All games in this series

Show
View Real Time Build Order
Export as new Build Order

Reynor Zerg - Winner!

Build Orders: Hatch First 

Get SALT Encoding   

  12  0:00  Drone  
  13  0:12  Overlord  
  13  0:17  Drone  
  14  0:30  Drone x2  
  16  0:42  Drone  
  17  0:51  Hatchery  
  17  0:55  Drone  
  17  0:59  Drone  
  18  1:10  Extractor  
  17  1:14  Spawning Pool  
  17  1:17  Drone  
  17  1:20  Drone  
  18  1:27  Drone  
  19  1:38  Drone  
  20  1:48  Overlord  
  20  2:01  Queen  
  20  2:06  Drone x2  
  20  2:07  Queen  
  26  2:12  Metabolic Boost  
  26  2:16  Drone  
  26  2:17  Drone  
  26  2:22  Zergling x2  
  29  2:25  Drone  
  30  2:36  Hatchery  
  29  2:38  Drone  
  29  2:40  Drone  
  31  2:46  Drone  
  31  2:49  Overlord  
  32  2:53  Queen  
  32  2:56  Drone  
  35  2:58  Drone  
  36  3:09  Queen, Overlord  
  36  3:12  Drone  
  39  3:13  Drone  
  39  3:15  Zergling x2  
  39  3:18  Zergling x2  
  39  3:19  Zergling x2  
  43  3:21  Zergling x2  
  44  3:29  Zergling x4  
  44  3:31  Queen  
  48  3:40  Overlord  
  48  3:42  Overlord  
  48  3:49  Drone  
  48  3:51  Drone  
  48  3:54  Overlord  
  50  3:58  Queen  
  50  3:59  Drone  
  50  4:02  Drone x2  
  55  4:05  Drone x3  
  55  4:08  Queen, Spore Crawler  
  58  4:11  Drone  
  58  4:12  Drone  
  58  4:16  Drone  
  61  4:23  Drone x2  
  62  4:25  Drone x2  
  62  4:26  Drone  
  62  4:28  Drone  
  66  4:32  Roach Warren  
  66  4:34  Lair  
  66  4:36  Drone x2  
  66  4:38  Drone  
  68  4:40  Drone  
  68  4:42  Drone, Extractor  
  68  4:43  Extractor  
  68  4:48  Drone x3, Evolution Chamber  
  70  4:54  Overlord  
  70  4:55  Drone x2  
  70  4:56  Drone  
  70  4:58  Overlord  
  73  5:09  Overlord  
  73  5:15  Roach x4  
  73  5:17  Drone x5  
  73  5:19  Queen  
  73  5:20  Drone  
  73  5:21  Extractor  
  88  5:22  Zerg Missile Weapons Level 1  
  88  5:27  Overlord  
  88  5:30  Drone x5  
  88  5:34  Queen  
  94  5:35  Extractor  
  94  5:36  Overseer  
  94  5:39  Drone x2  
  94  5:40  Drone x2  
  97  5:44  Overlord  
  97  5:46  Drone x2  
  97  5:47  Drone  
  100  5:54  Overlord  
  100  5:57  Overlord x2  
  100  6:03  Queen  
  100  6:04  Extractor  
  101  6:07  Queen, Overlord  
  101  6:10  Hatchery, Queen  
  104  6:13  Overlord  
  104  6:16  Overseer  
  104  6:19  Glial Reconstitution  
  104  6:21  Overlord  
  104  6:34  Overlord  
  104  6:41  Roach x14  
  104  6:43  Queen  
  133  6:48  Queen  
  133  6:52  Overlord  
  133  6:53  Queen  
  137  6:57  Overlord  
  136  7:07  Overlord  
  136  7:08  Overlord  
  136  7:18  Overlord  
  136  7:19  Roach x9  
  136  7:21  Overlord  
  136  7:22  Queen  
  156  7:24  Queen  
  158  7:32  Ravager x8  
  158  7:35  Roach x4  
  174  7:38  Overlord  
  174  7:40  Queen  
  176  7:51  Queen  
  168  7:57  Queen  
  162  8:00  Queen  
  162  8:02  Roach  
  162  8:03  Roach x6  
  170  8:10  Ravager  
  170  8:11  Ravager x5, Roach  
  170  8:12  Roach  
  180  8:16  Queen, Ravager x2  
  188  8:20  Roach x4  
  188  8:26  Queen  
  191  8:33  Queen  
  192  8:39  Roach x5  
  195  8:42  Overlord  
  186  8:51  Queen  
  186  8:52  Queen  
  188  8:56  Roach x2  
  188  8:59  Overlord  
  188  9:02  Queen  
  189  9:07  Roach x2  
  189  9:08  Roach  
  168  9:24  Zergling x2  
Show
View Real Time Build Order
Export as new Build Order

DPGZest Protoss 

Build Orders: 1 Gate Expand, Oracle Opening, Zealot Archon 

Get SALT Encoding   

  12  0:00  Probe  
  13  0:12  Probe  
  14  0:20  Pylon  
  14  0:24  Probe  
  15  0:38  Probe (Chrono Boost)  
  15  0:41  Gateway  
  16  0:47  Probe (Chrono Boost)  
  17  0:50  Assimilator  
  17  0:52  Probe (Chrono Boost)  
  18  1:05  Probe  
  19  1:17  Probe  
  20  1:27  Nexus  
  20  1:37  Cybernetics Core  
  20  1:40  Probe  
  20  1:45  Assimilator  
  21  1:52  Probe  
  22  1:56  Pylon  
  22  2:04  Probe (Chrono Boost)  
  23  2:14  Adept  
  26  2:16  Probe (Chrono Boost)  
  26  2:18  Stargate  
  26  2:20  Probe (Chrono Boost)  
  27  2:26  Warp Gate  
  27  2:32  Probe (Chrono Boost)  
  28  2:39  Probe (Chrono Boost)  
  28  2:43  Adept  
  32  2:49  Probe x2 (Chrono Boost)  
  33  2:53  Void Ray (Chrono Boost)  
  33  2:54  Probe (Chrono Boost)  
  33  2:55  Probe  
  35  3:05  Pylon  
  39  3:07  Probe  
  39  3:10  Probe  
  41  3:16  Gateway  
  41  3:20  Probe  
  41  3:22  Probe  
  41  3:26  Oracle (Chrono Boost)  
  43  3:32  Probe  
  48  3:34  Probe  
  48  3:45  Probe  
  48  3:46  Probe  
  50  3:50  Nexus  
  50  3:55  Pylon  
  50  3:57  Probe (Chrono Boost)  
  50  3:59  Assimilator  
  50  4:01  Probe (Chrono Boost)  
  52  4:02  Assimilator  
  52  4:09  Probe (Chrono Boost)  
  53  4:14  Probe (Chrono Boost)  
  53  4:15  Probe (Chrono Boost), Stargate  
  55  4:21  Protoss Air Weapons Level 1  
  55  4:23  Probe (Chrono Boost)  
  56  4:25  Pylon  
  56  4:27  Probe (Chrono Boost), Pylon  
  57  4:35  Probe (Chrono Boost)  
  59  4:39  Void Ray  
  59  4:42  Probe x2 (Chrono Boost)  
  64  4:49  Probe x2  
  66  5:01  Probe (Chrono Boost), Twilight Council, Forge  
  66  5:03  Probe (Chrono Boost)  
  66  5:04  Probe (Chrono Boost)  
  69  5:13  Probe (Chrono Boost)  
  72  5:14  Probe (Chrono Boost), Shield Battery  
  72  5:17  Probe (Chrono Boost)  
  72  5:19  Probe (Chrono Boost), Robotics Facility  
  72  5:20  Probe (Chrono Boost)  
  74  5:22  Void Ray (Chrono Boost)  
  74  5:24  Void Ray (Chrono Boost)  
  74  5:25  Probe (Chrono Boost)  
  84  5:33  Probe (Chrono Boost)  
  84  5:34  Probe (Chrono Boost), Pylon  
  84  5:35  Probe (Chrono Boost), Assimilator  
  86  5:38  Assimilator  
  86  5:39  Protoss Ground Weapons Level 1 (Chrono Boost)  
  86  5:40  Charge  
  89  5:54  Photon Cannon  
  89  5:55  Photon Cannon  
  86  5:57  Photon Cannon  
  86  6:02  Shield Battery  
  86  6:03  Void Ray x2 (Chrono Boost)  
  83  6:06  Robotics Facility  
  91  6:19  Gateway  
  91  6:20  Gateway x2  
  91  6:22  Photon Cannon  
  91  6:23  Gateway  
  91  6:28  Gateway  
  91  6:29  Gateway  
  91  6:30  Gateway x2  
  91  6:34  Pylon  
  91  6:35  Pylon  
  91  6:36  Pylon x2  
  91  6:38  Void Ray  
  91  6:39  Void Ray  
  91  6:40  Templar Archives  
  91  6:52  Pylon  
  99  6:54  Warp Prism (Chrono Boost)  
  97  7:15  Pylon  
  97  7:16  High Templar x3  
  97  7:17  High Templar  
  97  7:19  Zealot x2  
  97  7:21  Archon x2, Pylon  
  109  7:28  Observer (Chrono Boost)  
  109  7:29  Pylon  
  110  7:30  Pylon  
  110  7:31  Zealot x4  
  118  7:50  Zealot  
  118  7:51  Zealot x9  
  130  7:57  Immortal (Chrono Boost)  
  128  8:12  Robotics Facility  
  128  8:13  Robotics Bay  
  128  8:19  Photon Cannon  
  128  8:20  Shield Battery  
  128  8:21  Shield Battery  
  128  8:22  Pylon  
  128  8:24  High Templar x4  
  128  8:25  Zealot x2  
  140  8:29  Archon  
  140  8:30  Archon, Zealot x2  
  138  8:43  Zealot  
  138  8:44  Zealot  
  120  8:55  Zealot  
  120  8:56  Zealot x2  
  120  8:59  Zealot x4  
  124  9:08  Zealot x2  
  83  9:19  Zealot x4  
  78  9:32  Zealot x4  
Tags
 
Add a new tag
Caveats
  • Supply blocks, unpowered buildings, or Contaminate may cause inaccurate times.
  • Supply counts are checked every 10 seconds.